 Dungeon Crawl Stone Soup version 0.18.1-48-g4cf74bf (webtiles) character file.

242 juanjsm the Changer (level 6, 0/38 HPs)
             Began as an Octopode Transmuter on June 25, 2016.
             Slain by a gnoll
             ... wielding a +0 spear
              (11 damage)
             ... on level 3 of the Dungeon.
             The game lasted 00:22:53 (2942 turns).

juanjsm the Changer (Octopode Transmuter)           Turns: 2942, Time: 00:22:53

Health: 0/38       AC:  2    Str:  9    XL:     6   Next: 9%
Magic:  7/9        EV: 20    Int: 17    God:
Gold:   84         SH:  0    Dex: 18    Spells: 2 memorised, 5 levels left

rFire  . . .     SeeInvis .       - Unarmed
rCold  . . .     Gourm    .     (shield currently unavailable)
rNeg   . . .     Faith    .     (helmet currently unavailable)
rPois  x         Spirit   .     (no amulet)
rElec  .         Dismiss  .     d - ring of protection from magic
rCorr  .         Reflect  .     (no ring)
SustAt .         Harm     .     (no ring)
MR     +....                    (no ring)
Stlth  ++........               (no ring)
                                (no ring)
                                (no ring)
                                (no ring)

@: spider-form, somewhat resistant to hostile enchantments, unstealthy
A: almost no armour, (amphibious), 8 rings, (constrict 8), (camouflage 0),
(gelatinous body 0)
a: End Transformation


You were on level 3 of the Dungeon.
You were near starving.
You were a venomous arachnid creature.
You visited 1 branch of the dungeon, and saw 4 of its levels.

You collected 84 gold pieces.

Inventory:

Hand Weapons
 p - a +0 blowgun
 q - a +2 dagger of speed
Missiles
 a - 12 arrows
 e - 4 needles of confusion
 t - 6 poisoned needles
Jewellery
 d - a ring of protection from magic (left front leg)
Wands
 r - a wand of iceblast (9/15)
Scrolls
 f - a scroll of blinking {unknown}
 g - 3 scrolls of enchant armour {unknown}
 h - a scroll of remove curse {unknown}
 i - 2 scrolls of identify {unknown}
 j - 2 scrolls of immolation {unknown}
 k - a scroll of random uselessness {unknown}
 l - a scroll of fog {unknown}
 n - 2 scrolls of amnesia {unknown}
 u - a scroll of fear {unknown}
Potions
 m - 2 potions of curing
 s - a potion of heal wounds {unknown}
Books
 b - a book of Changes

   Spells                             Type                      Level
   a - Beastly Appendage              Transmutation                1
   b - Sticks to Snakes               Transmutation                2
   c - Spider Form                    Transmutation/Poison         3
   d - Ice Form                       Ice/Transmutation            4
   e - Blade Hands                    Transmutation                5
Comestibles
 c - 3 bread rations
 o - 4 meat rations


   Skills:
 - Level 1.0 Fighting
 - Level 2.2 Dodging
 - Level 0.8 Stealth
 - Level 3.4 Unarmed Combat
 - Level 2.1 Spellcasting
 * Level 5.6 Transmutations
 - Level 0.5 Poison Magic


You had 5 spell levels left.
You knew the following spells:

 Your Spells              Type           Power        Failure   Level  Hunger
a - Beastly Appendage     Trmt           ###...       8%          1    #......
b - Spider Form           Trmt/Pois      ##........   36%         3    ###....


Dungeon Overview and Level Annotations

Branches:
Dungeon (4/15)
 Temple: D:4-7

Altars:
Makhleb
Pakellas
Qazlal
Sif Muna
Trog
Vehumet

Annotations:
D:3 Terence


Innate Abilities, Weirdness & Mutations

You cannot wear most types of armour.
((You are amphibious.))
You can wear up to eight rings at the same time.
((You can use your tentacles to constrict eight enemies at once.))
((Your skin changes colour to match your surroundings (Stealth).))
((Your rubbery body absorbs attacks (AC +1).))


Message History

Terence is moderately wounded.
Terence hits you with an enchanted trident.
* * * LOW HITPOINT WARNING * * *
You hit the gnoll.
The gnoll is poisoned.
The gnoll is moderately wounded.
You are near starving!
The gnoll barely misses you. Terence misses you. The gnoll barely misses you.
You hit the gnoll.
The gnoll looks even sicker.
The gnoll is heavily wounded.
The gnoll completely misses you. Terence barely misses you.
The gnoll completely misses you. The gnoll closely misses you.
You hit the gnoll.
The gnoll is severely wounded.
The gnoll misses you. Terence misses you. The gnoll misses you.
The gnoll barely misses you.
You hit the gnoll.
The gnoll is almost dead.
You kill the gnoll!
The gnoll hits you from afar with a spear!
You die...

##..# ./. #..## .....#
##รท.# .....#########..##
.................# .
...............>#
......g..........# #.#
#.gg)........#
#########.###..@s........#
.........................#
#######..................#
#..................#
#..................#
#...%..............#
#..................#
#..................#
#......##.....######


You could see Terence and 3 gnolls.

Vanquished Creatures
  2 scorpions (D:3)
  An orc priest (D:4)
  A gnoll (D:3)
  3 adders
  4 dart slugs
  4 giant geckos
  2 orcs (D:4)
  A ball python (D:1)
  2 bats (D:1)
  4 giant cockroaches
  7 goblins
  7 hobgoblins
  10 jackals
  6 giant newts (D:1)
  7 kobolds
  3 rats
64 creatures vanquished.

Notes
Turn   | Place    | Note
--------------------------------------------------------------
     0 | D:1      | juanjsm the Octopode Transmuter began the quest for the Orb.
     0 | D:1      | Reached XP level 1. HP: 13/13 MP: 3/3
   493 | D:1      | Reached XP level 2. HP: 16/18 MP: 5/5
   753 | D:1      | Reached XP level 3. HP: 18/23 MP: 3/6
   758 | D:1      | Learned a level 3 spell: Spider Form
  1349 | D:2      | Found an oddly glowing altar of Pakellas.
  1349 | D:2      | Found a burning altar of Makhleb.
  1349 | D:2      | Found a bloodstained altar of Trog.
  1402 | D:2      | Reached skill level 3 in Transmutations
  1487 | D:2      | Found a deep blue altar of Sif Muna.
  1612 | D:2      | Reached XP level 4. HP: 27/28 MP: 5/7
  1676 | D:2      | Found a stormy altar of Qazlal.
  2264 | D:4      | Reached skill level 4 in Transmutations
  2266 | D:4      | Reached XP level 5. HP: 11/33 MP: 3/8
  2267 | D:4      | Found a radiant altar of Vehumet.
  2600 | D:3      | Reached skill level 5 in Transmutations
  2869 | D:3      | Reached XP level 6. HP: 28/38 MP: 6/9
  2886 | D:3      | Noticed Terence
  2942 | D:3      | Slain by a gnoll

Skill      XL: |  1  2  3  4  5 |
---------------+----------------+-----
Transmutations | 3 4 5 |  5.6
Fighting       | |  1.0
Dodging        | |  2.2
Stealth        | |  0.8
Unarmed Combat | |  3.4
Spellcasting   | |  2.1
Poison Magic   | |  0.5

Action                   |  1- 3 |  4- 6 || total
-------------------------+-------+-------++-------
Melee: Unarmed           |    93 |    59 ||   152
       Kick              |    18 |     9 ||    27
       Constrict         |    21 |    12 ||    33
       Tentacles         |    11 |     7 ||    18
       Punch             |     2 |       ||     2
 Cast: Beastly Appendage |    20 |     8 ||    28
       Spider Form       |     1 |     3 ||     4
  Use: Potion            |       |     1 ||     1
 Stab: Sleeping          |     7 |     3 ||    10
  Eat: Chunk             |     3 |     3 ||     6
Armor: Skin              |     6 |     1 ||     7
Dodge: Dodged            |    42 |    51 ||    93
